 Dungeon Crawl Stone Soup version 0.31.0-1-g2c135a008e (webtiles) character file.

Game seed: 6510281777577095923

173 qw the Shooter (level 5, -1/40 HPs)
             Began as a Djinni Hunter on Jan 23, 2024.
             Slain by an orc priest
             ... wielding a +0 club
              (2 damage)
             ... on level 4 of the Dungeon.
             The game lasted 00:00:11 (2869 turns).

qw the Shooter (Djinni Hunter)                      Turns: 2869, Time: 00:00:11

Health: -1/40      AC:  6    Str: 10    XL:     5   Next: 83%
Gold:   219        EV: 11    Int: 10    God:
                   SH:  0    Dex: 19

rFire   + + .        a - +0 shortbow
rCold   x . .        (shield currently unavailable)
rNeg    . . .        f - +0 ring mail
rPois   inf          j - +0 helmet
rElec   .            (no cloak)
rCorr   .            (no gloves)
SInv    .            (boots unavailable)
Will    .....        (no amulet)
Stlth   +            (no ring)
HPRegen 0.26/turn    (no ring)
MPRegen 0.00/turn

%: infuse magic (-2 HP)
@: flying
A: sickness immunity, fire resistance 2, cold vulnerability 1, float, innate
caster, HP casting, extra vitality 1
a: no special abilities


You were on level 4 of the Dungeon.
You visited 1 branch of the dungeon, and saw 4 of its levels.

You collected 219 gold pieces.


Innate Abilities, Weirdness & Mutations

You are immune to sickness and miasma.
You are immune to poison.
Your flesh is very heat resistant. (rF++)
You are vulnerable to cold. (rC-)
You float through the air rather than walking.
You learn spells naturally, not from books.
Your magical power is your life essence.
You have superior vitality. (+4 MHP)


   Skills:
 - Level 3.5 Fighting
 + Level 4.7 Ranged Weapons
 - Level 1.0 Armour
 - Level 2.1 Dodging
 - Level 0.7 Stealth


You knew the following spells:

 Your Spells              Type           Power      Damage    Failure   Level
a - Kiss of Death         Conj/Necr      0%         2d5       67%         1
b - Mercury Vapours       Alch/Air       0%         N/A       82%         2
Your spell library was empty.

Inventory:

Hand Weapons
 a - a +0 shortbow (weapon)
Armour
 f - a +0 ring mail (worn)
 j - a +0 helmet (worn)
Potions
 g - a potion of might {unknown}

Dungeon Overview and Level Annotations

Branches:
Dungeon (4/15)
 Temple: D:4-7

Altars:
Gozag
Qazlal
Yredelemnul

Shops:
D:3 [


Message History

The orc priest mumbles some strange prayers to Beogh against you.
Beogh smites you! The jackal closely misses you.
The goblin hits you but does no damage.
You hear a shout!
You shoot an arrow.
The arrow hits the goblin but does no damage.
The jackal bites you. The goblin hits you but does no damage.
The jackal bites you.
You shoot an arrow. The arrow closely misses the goblin.
The jackal misses you. The goblin misses you.
You shoot an arrow. The arrow hits the goblin!
You kill the goblin!
The jackal closely misses you.
The jackal bites you but does no damage.
The orc hits you with a +0 hand axe.
You shoot an arrow. The orc shouts!
The arrow hits the orc.
The orc is moderately wounded.
The jackal bites you but does no damage. x2
An orc comes into view. It is wielding a +0 hand axe.
The orc hits you with a +0 hand axe.
The orc priest calls upon Beogh to heal the orc.
The orc's wounds heal themselves!
You shoot an arrow. The arrow barely misses the orc.
The jackal closely misses you. The orc barely misses you. The jackal bites you.
Enter note:
2866 ||| RETREEEEATING.
You shoot an arrow. The arrow barely misses the orc.
The jackal bites you but does no damage.
The orc hits you but does no damage. The jackal misses you.
You shoot an arrow.
The arrow closely misses the orc priest.
The jackal closely misses you. The orc hits you with a +0 hand axe.
The jackal bites you but does no damage.
The orc priest invokes the aid of Beogh against you.
Beogh smites you! The orc barely misses you.
You shoot an arrow. The arrow barely misses the orc priest.
The jackal bites you. The orc priest hits you with a +0 club.
You die...

#### #... # #...###
###########. #....###
#........... #.....##
#........... #....@.##
#...........
##..hoo.###........)..
##?ol............<...
#.###....###...##...
#o. ###..# ###......
...# ##.# ###....#
.(... #.# #......#
...o?.. #.......###..
......o. ##....## #...


You could see an iguana, an orc priest, 3 orcs and a jackal.

Vanquished Creatures
  A jelly (D:2)
  An orc priest (D:3)
  Robin (D:3)
  An adder (D:2)
  2 dart slugs (D:1)
  5 orcs (D:3)
  4 ball pythons
  6 bats
  3 endoplasms
  A giant cockroach (D:1)
  16 goblins
  10 hobgoblins
  2 jackals (D:4)
  3 quokkas
  2 frilled lizards
  5 kobolds
  9 rats
72 creatures vanquished.

Notes
Turn   | Place    | Note
-------+----------+-------------------------------------------
     0 | D:1      | qw the Djinni Hunter began the quest for the Orb.
     0 | D:1      | Reached XP level 1. HP: 18/18 MP: 0/0
     0 | D:1      | 0 ||| qw: Version: 0.3-a-136-gdd3b4e8
     0 | D:1      | 0 ||| qw: Game counter: 1024
     0 | D:1      | 0 ||| qw: Melee chars always use a shield: true
     0 | D:1      | 0 ||| qw: God list: Okawaru
     0 | D:1      | 0 ||| qw: Allow faded altars: false
     0 | D:1      | 0 ||| qw: Do Orc after clearing Dungeon:15 true
     0 | D:1      | 0 ||| qw: Do second Lair branch before Depths: true
     0 | D:1      | 0 ||| qw: Lair rune preference: random
     0 | D:1      | 0 ||| qw: Goals: Normal
     0 | D:1      | 0 ||| PLANNING D:1-11
    88 | D:1      | Reached XP level 2. HP: 23/23 MP: 0/0
   266 | D:1      | Reached XP level 3. HP: 28/28 MP: 0/0
   266 | D:1      | Learned a level 1 spell: Kiss of Death
   276 | D:1      | You are sucked into a shaft and drop 1 floor!
   279 | D:2      | Reached skill level 4 in Ranged Weapons
   427 | D:2      | 427 ||| DROPPING ring of wizardry.
   428 | D:2      | 428 ||| READING 2 scrolls labelled UHEURAREITT.
   429 | D:2      | 429 ||| READING scroll labelled DETIAXA CAUREGH.
   429 | D:2      | 429 ||| IDENTIFYING lumpy clear potion
   430 | D:2      | 430 ||| DROPPING scroll of butterflies.
   431 | D:2      | 431 ||| DROPPING potion of lignification.
   432 | D:2      | 432 ||| DROPPING scroll of amnesia.
  1086 | D:1      | 1086 ||| UPGRADING to +0 ring mail.
  1096 | D:1      | 1096 ||| DROPPING +0 leather armour.
  1097 | D:1      | 1097 ||| READING scroll labelled GYOLAL JUEMAUF.
  1159 | D:2      | Reached XP level 4. HP: 28/34 MP: 0/0
  1192 | D:2      | Reached skill level 1 in Armour
  1323 | D:2      | Found a faded altar of an unknown god.
  1466 | D:2      | Reached skill level 3 in Fighting
  1795 | D:2      | 1795 ||| READING scroll of identify.
  1795 | D:2      | 1795 ||| IDENTIFYING golden potion
  1796 | D:2      | 1796 ||| READING scroll labelled JEEVOF LEKHAW.
  1797 | D:2      | 1797 ||| DROPPING potion of brilliance.
  1875 | D:3      | Reached XP level 5. HP: 40/40 MP: 0/0
  1875 | D:3      | Learned a level 2 spell: Mercury Vapours
  1887 | D:3      | 1887 ||| FLEEEEING.
  1916 | D:3      | 1916 ||| FLEEEEING.
  1919 | D:3      | 1919 ||| STAIRDANCE
  1966 | D:3      | Found a basalt altar of Yredelemnul.
  2303 | D:3      | Found an opulent altar of Gozag.
  2342 | D:3      | Noticed Robin
  2350 | D:3      | Killed Robin
  2401 | D:3      | Found Sorill's Antique Armour Boutique.
  2472 | D:3      | Found a stormy altar of Qazlal.
  2628 | D:3      | 2628 ||| UPGRADING to +0 helmet.
  2633 | D:3      | 2633 ||| READING scroll of identify.
  2633 | D:3      | 2633 ||| IDENTIFYING pink potion
  2634 | D:3      | 2634 ||| READING scroll labelled GUIWIE WENGA.
  2635 | D:3      | 2635 ||| READING 2 scrolls labelled CURUFI ZUEF.
  2636 | D:3      | 2636 ||| READING scroll labelled XOBLINAYPE.
  2640 | D:3      | 2640 ||| READING scroll labelled FEUHUI FEGINKU.
  2741 | D:3      | 2741 ||| DROPPING scroll of immolation.
  2742 | D:3      | 2742 ||| DROPPING potion of attraction.
  2856 | D:4      | Noticed an ogre
  2857 | D:4      | 2857 ||| RETREEEEATING.
  2866 | D:4      | 2866 ||| RETREEEEATING.
  2868 | D:4      | HP: 3/40 [orc priest/divine providence (14)]
  2869 | D:4      | HP: 1/40 [jackal (2)]
  2869 | D:4      | Slain by an orc priest

Levels and vault maps discovered:
D:1:      onia_arrival_mini_maze_b, layout_basic
D:2:      wad_lake_hut, layout_loops_cross, shapermc_ecumenical_altar_pompeii
D:3:      layout_loops_ring, mainiacjoe_overflow_cross_hatched,
          grunt_qazlal_sundering, mainiacjoe_overflow_boulevard, serial_shops,
          nicolae_shop_pleasant_corner_grove, grunt_ministairs_3,
          minmay_misc_feat_room, uniq_robin
D:4:      layout_rooms, mainiacjoe_overflow_alcove_1,
          nicolae_overflow_crystal_walls

Skill      XL: |  1  2  3  4 |
---------------+-------------+-----
Ranged Weapons | 4 |  4.7
Armour         | 1 |  1.0
Fighting       | 3 |  3.5
Dodging        | |  2.1
Stealth        | |  0.7

Action                     |  1- 3 |  4- 6 || total
---------------------------+-------+-------++-------
   Fire: Shortbow          |    95 |   127 ||   222
    Use: Scroll            |     3 |     7 ||    10
 Armour: Leather armour    |    12 |       ||    12
         Ring mail         |     9 |    64 ||    73
  Dodge: Dodged            |    35 |    50 ||    85

Table legend:
 A = Non-vault XP
 B = Vault XP
 C = Vault XP percentage of total XP
 D = Non-vault monster count
 E = Vault monster count
 F = Vault count percentage of total count
                 A         B        C        D         E       F
            +---------+---------+-------+---------+---------+-------
      Total |     208 |      40 |  16.1 |      58 |      14 |  19.4
            +---------+---------+-------+---------+---------+-------
        D:1 |      47 |       2 |   4.1 |      25 |       1 |   3.8
        D:2 |      85 |       0 |   0.0 |      14 |       0 |   0.0
        D:3 |      68 |      38 |  35.8 |      15 |      13 |  46.4
        D:4 |       8 |       0 |   0.0 |       4 |       0 |   0.0
            +---------+---------+-------+---------+---------+-------
